AoeStats
← -MIRO-SLAV

Arabia

507780969Analyzed
3v3 RM · 14d ago on Sep 19, 2026· 15m 49s· 6 players
Game mode
Random Map
Map size
Normal (6 player)
Population
200
Speed
Normal
Resources
Standard
Victory
Conquest
Starting age
Dark Age
Ending age
Imperial Age
RankedLock teamsTeams togetherTeam positionsShared explorationLock speedFull tech treeHidden civsTurbo modeCheats
Victory
Defeat
🇸🇰 Goths · Slovakia
853
+14
🇸🇰 Persians · Slovakia
752
+18
🇸🇰 Japanese · Slovakia
743
+18
🇳🇱 Goths · Netherlands
813
-17
🇺🇾 Wei · Uruguay
794
-17
🇨🇴 Romans · Colombia
779
-16
sergiorh300
0:58 Loom
JiB'S
2:06 Loom
11:56 Feudal Age
12:38 Man-at-Arms
ezecayaffa1998
2:13 Loom
12:19 Feudal Age
16:59 Castle Age
knarf
9:21 Loom
12:25 Feudal Age
17:42 Castle Age
Mañana
4:19 Loom
9:35 Feudal Age
9:38 Man-at-Arms
15:53 Arson
-MIRO-SLAV
0:29 Loom
13:23 Feudal Age
13:57 Man-at-Arms
Connection lost

Rejoining the realm…

Still unreachable

The connection could not be restored.

Session expired

The server has moved on; the page needs a fresh start.